 Dungeon Crawl Stone Soup version 0.31.0-9-g3a7656b989 (webtiles) character file.

Game seed: 16856586435394602398

510 qw the Skirmisher (level 6, -6/35 HPs)
             Began as a Deep Elf Hunter on Feb 2, 2024.
             Succumbed to a gnoll's poison
             ... on level 5 of the Dungeon.
             The game lasted 00:00:14 (3607 turns).

qw the Skirmisher (Deep Elf Hunter)                 Turns: 3607, Time: 00:00:14

Health: -6/35      AC:  7    Str: 10    XL:     6   Next: 98%
Magic:  8/8        EV: 10    Int: 14    God:
Gold:   182        SH:  0    Dex: 18    Spells: 5/5 levels left

rFire   . . .        a - +1 shortbow
rCold   . . .        (shield currently unavailable)
rNeg    . . .        f - +0 scale mail
rPois   .            (no helmet)
rElec   .            (no cloak)
rCorr   .            (no gloves)
SInv    .            h - +0 pair of boots
Will    .....        (no amulet)
Stlth   +            (no ring)
HPRegen 0.25/turn    (no ring)
MPRegen 0.11/turn

%: no passive effects
@: lethally poisoned (-6 -> -39)
A: no striking features
a: no special abilities


You were on level 5 of the Dungeon.
You visited 1 branch of the dungeon, and saw 5 of its levels.

You collected 182 gold pieces.


   Skills:
 - Level 2.3 Fighting
 + Level 9.5 Ranged Weapons
 - Level 1.7 Armour
 - Level 3.9 Dodging
 - Level 1.2 Stealth


You had 5 spell levels left.
You didn't know any spells.
Your spell library was empty.

Inventory:

Hand Weapons
 a - a +1 shortbow (weapon)
Armour
 f - a +0 scale mail (worn)
 h - a +0 pair of boots (worn)
Potions
 b - a potion of might
 c - a potion of resistance {unknown}
 d - a potion of enlightenment
 e - a potion of lignification {unknown}

Dungeon Overview and Level Annotations

Branches:
Dungeon (5/15)
 Temple: D:4-7

Altars:

Annotations:
D:5 2 transporters, qw's ghost, amateur SpHu


Message History

The gnoll is severely wounded.
You shoot an arrow.
The arrow hits the gnoll but does no damage.
The gnoll is severely wounded.
A gnoll comes into view. It is wielding a +0 club.
You shoot an arrow. The arrow hits the gnoll!
You kill the gnoll!
You shoot an arrow. The arrow hits the gnoll.
The gnoll is lightly wounded.
You shoot an arrow.
The arrow hits the gnoll but does no damage.
The gnoll is lightly wounded.
The gnoll hits you from afar with a +2 spear of venom.
You are poisoned.
You shoot an arrow. The arrow closely misses the gnoll.
The arrow hits the gnoll.
The gnoll is lightly wounded.
You feel very sick.
The gnoll hits you from afar with a +2 spear of venom.
You shoot an arrow. The arrow hits the gnoll!
The gnoll is severely wounded.
You feel sick. The gnoll hits you but does no damage.
You are more poisoned.
You shoot an arrow.
The arrow hits the gnoll but does no damage.
The gnoll is severely wounded.
You feel very sick. The gnoll misses you.
You shoot an arrow. The arrow barely misses the gnoll.
You feel very sick.
The gnoll hits you from afar with a +2 spear of venom.
You are lethally poisoned!
The gnoll hits you but does no damage.
The gnoll hits you from afar with a +2 spear of venom.
You are more poisoned.
The gnoll hits you with a +0 club.
You shoot an arrow.
The arrow hits the gnoll but does no damage.
The gnoll is lightly wounded.
You die...

,,,,,>,,,,,,,,.......[...........
,,,***********######.............
**,,***,,.,,** #................
,,,,,,,,,..,,***#.###............
,,,,,,,,,...,,,..,#..............
,,,,,,,,,....,##**#..............
,,,,,,,,,.....** #.)............
,,***,,,,......####.........##,,,
,,***,,,,......g@........####**,,
,,,,,,,,,...).........#...#** *,,
,****,,,,.....g.......###...***,,
** *,,,,.............# *##.,,*,,
* *,,,,.............# ***,,,,
*,,,,.....######### ***,,
**,,,....#* *** **,,...#* *******


You could see 2 gnolls.

Vanquished Creatures
  A phantom (D:4)
  Blork the orc (D:4)
  3 scorpions (D:5)
  A howler monkey (D:3)
  A sleepcap (D:5)
  An iguana (D:5)
  3 adders (D:2)
  A gnoll (D:5)
  2 dart slugs (D:1)
  A ribbon worm (D:3)
  An orc (D:4)
  9 ball pythons
  6 endoplasms
  3 giant cockroaches
  6 goblins
  2 hobgoblins
  4 jackals (D:2)
  3 quokkas
  6 bats
  5 frilled lizards
  8 kobolds
  5 rats
73 creatures vanquished.

Notes
Turn   | Place    | Note
-------+----------+-------------------------------------------
     0 | D:1      | qw the Deep Elf Hunter began the quest for the Orb.
     0 | D:1      | Reached XP level 1. HP: 12/12 MP: 3/3
     0 | D:1      | 0 ||| qw: Version: 0.3-a-155-g5e7d8dd
     0 | D:1      | 0 ||| qw: Game counter: 1953
     0 | D:1      | 0 ||| qw: Melee chars always use a shield: true
     0 | D:1      | 0 ||| qw: God list: Okawaru
     0 | D:1      | 0 ||| qw: Allow faded altars: false
     0 | D:1      | 0 ||| qw: Do Orc after clearing Dungeon:15 true
     0 | D:1      | 0 ||| qw: Do second Lair branch before Depths: true
     0 | D:1      | 0 ||| qw: Lair rune preference: random
     0 | D:1      | 0 ||| qw: Goals: Normal
     0 | D:1      | 0 ||| PLANNING D:1-11
   171 | D:1      | Reached skill level 6 in Ranged Weapons
   171 | D:1      | Reached XP level 2. HP: 8/16 MP: 4/4
   226 | D:1      | Found a faded altar of an unknown god.
   228 | D:1      | Noticed a glass eye
   233 | D:1      | Noticed a glass eye
   237 | D:1      | Noticed an eye of devastation
   244 | D:1      | Noticed an eye of devastation
   644 | D:1      | Reached XP level 3. HP: 20/20 MP: 5/5
   774 | D:1      | 774 ||| UPGRADING to +0 pair of boots.
   779 | D:1      | 779 ||| READING scroll labelled MYLUSA NEWASEXUL.
   880 | D:1      | 880 ||| READING scroll labelled RILABA ZUWAMEV.
   881 | D:1      | 881 ||| READING scroll labelled UCILON EH BENT.
   882 | D:1      | 882 ||| READING scroll labelled ROCWASTODISA.
   883 | D:1      | 883 ||| READING scroll labelled QYUZAMN YWEBUO.
   884 | D:1      | 884 ||| DROPPING scroll of butterflies.
   925 | D:2      | 925 ||| STAIRDANCE
   981 | D:2      | Reached skill level 7 in Ranged Weapons
  1315 | D:2      | Reached XP level 4. HP: 16/25 MP: 6/6
  1487 | D:2      | 1487 ||| READING 2 scrolls labelled DOGAXZ MAPN.
  1487 | D:2      | 1487 ||| IDENTIFYING 2 smoky dark potions
  1488 | D:2      | 1488 ||| READING scroll of identify.
  1488 | D:2      | 1488 ||| IDENTIFYING scroll labelled ASENIR QO IRICS
  1489 | D:2      | 1489 ||| READING scroll of enchant weapon.
  1489 | D:2      | 1489 ||| ENCHANTING +0 shortbow.
  1490 | D:2      | 1490 ||| DROPPING 2 potions of brilliance.
  1718 | D:3      | Reached skill level 8 in Ranged Weapons
  1911 | D:3      | 1911 ||| READING scroll labelled HOBULUS LITIM.
  1912 | D:3      | 1912 ||| DRINKING 2 bubbling inky potions.
  2169 | D:4      | Noticed Blork the orc
  2177 | D:4      | Killed Blork the orc
  2178 | D:4      | Reached skill level 9 in Ranged Weapons
  2178 | D:4      | Reached XP level 5. HP: 29/29 MP: 7/7
  2278 | D:4      | Noticed a phantom
  2293 | D:4      | HP: 6/29 [phantom (4)]
  2294 | D:4      | Killed a phantom
  2295 | D:4      | Reached skill level 3 in Dodging
  2295 | D:4      | Reached XP level 6. HP: 7/34 MP: 8/8
  2298 | D:4      | HP: 5/34 [kobold/+0 short sword (1)]
  2560 | D:4      | 2560 ||| UPGRADING to +0 scale mail.
  2583 | D:4      | 2583 ||| DROPPING +0 leather armour.
  3222 | D:4      | 3222 ||| READING scroll labelled EBLA BYAMEMP.
  3224 | D:4      | 3224 ||| Stepping ~*~*~tactically~*~*~ (cloud).
  3316 | D:5      | Entered Level 5 of the Dungeon
  3398 | D:5      | Reached skill level 1 in Armour
  3435 | D:5      | Identified the +9 dagger "Ladufag" {holy, Str+7}
  3451 | D:5      | Found a transporter.
  3453 | D:5      | Noticed qw's ghost (amateur SpHu)
  3474 | D:5      | 3474 ||| READING scroll labelled OTEBAR WACUTI.
  3475 | D:5      | 3475 ||| DRINKING 2 bubbling pink potions.
  3489 | D:5      | Found a transporter.
  3606 | D:5      | HP: 6/35 [gnoll/+2 spear of venom (6)]
  3606 | D:5      | HP: 2/35 [gnoll/+0 club (4)]
  3607 | D:5      | Succumbed to a gnoll's poison

Levels and vault maps discovered:
D:1:      doesnt_arrival_eight_statues, layout_basic,
          hellmonk_ecumenical_altar_watching_god
D:2:      layout_basic, minivault_5
D:3:      layout_rooms
D:4:      layout_layer_cave, reono_crystal_passage, uniq_blork_the_orc
D:5:      layout_rooms, gammafunk_ghost_arena

Skill      XL: |  1  2  3  4  5  6 |
---------------+-------------------+-----
Ranged Weapons | 6 7 9 |  9.5
Dodging        | 3 |  3.9
Armour         | 1 |  1.7
Fighting       | 2 |  2.3
Stealth        | |  1.2

Action                     |  1- 3 |  4- 6 || total
---------------------------+-------+-------++-------
   Fire: Shortbow          |   109 |   133 ||   242
    Use: Scroll            |     5 |     6 ||    11
         Potion            |       |     2 ||     2
 Armour: Leather armour    |    21 |    22 ||    43
         Scale mail        |       |    28 ||    28
         Skin              |       |     2 ||     2
  Dodge: Dodged            |    25 |    45 ||    70

Table legend:
 A = Non-vault XP
 B = Vault XP
 C = Vault XP percentage of total XP
 D = Non-vault monster count
 E = Vault monster count
 F = Vault count percentage of total count
                 A         B        C        D         E       F
            +---------+---------+-------+---------+---------+-------
      Total |     642 |      87 |  11.9 |      72 |       1 |   1.4
            +---------+---------+-------+---------+---------+-------
        D:1 |      45 |       0 |   0.0 |      28 |       0 |   0.0
        D:2 |      64 |       0 |   0.0 |      17 |       0 |   0.0
        D:3 |      71 |       0 |   0.0 |      10 |       0 |   0.0
        D:4 |     127 |      87 |  40.7 |      11 |       1 |   8.3
        D:5 |     335 |       0 |   0.0 |       6 |       0 |   0.0
            +---------+---------+-------+---------+---------+-------
